Map: Dusk Towers

Players

Magma - Winner!

  • Race: Zerg Zerg
  • League: Gold

capac

  • Race: Terran Terran
  • League: Gold

VOD

Have the link to the VOD?

Description

Time

  • Played on: April 14, 2016, 11:08 a.m.
  • Length: 4:35
Show
View Real Time Build Order
Export as new Build Order

Magma Zerg - Winner!

Build Orders: Hatch First, Zergling Baneling 

Get SALT Encoding   

  12  0:01  Drone  
  13  0:12  Overlord  
  13  0:17  Drone  
  14  0:34  Drone x2  
  14  0:35  Drone  
  17  0:55  Hatchery  
  17  0:56  Drone  
  17  0:59  Extractor  
  17  1:02  Drone  
  17  1:18  Spawning Pool  
  17  1:19  Drone  
  17  1:22  Drone  
  18  1:28  Drone  
  19  1:38  Overlord  
  19  2:06  Metabolic Boost  
  19  2:07  Zergling x4  
  21  2:09  Queen  
  21  2:10  Zergling x2  
  21  2:11  Zergling x2  
  25  2:21  Baneling Nest, Zergling x2  
  25  2:24  Zergling x2  
  26  2:40  Zergling x6  
  29  2:46  Drone  
  30  2:55  Zergling x4  
  32  3:00  Queen  
  32  3:02  Drone  
  32  3:05  Drone  
  35  3:35  Zergling x2  
  35  3:36  Baneling  
  35  3:37  Baneling  
  35  3:38  Baneling  
  35  3:39  Baneling x5  
  36  3:43  Overlord x3  
Show
View Real Time Build Order
Export as new Build Order

capac Terran 

Build Orders: Reaper Expand 

Get SALT Encoding   

  12  0:00  SCV  
  13  0:12  SCV  
  14  0:18  Supply Depot  
  14  0:27  SCV  
  15  0:40  SCV  
  15  0:41  Barracks  
  16  0:45  Refinery  
  16  0:52  SCV  
  17  1:04  SCV  
  18  1:16  SCV  
  19  1:29  Orbital Command  
  19  1:31  Reaper  
  20  1:42  Command Center  
  20  1:52  Supply Depot  
  20  1:57  SCV  
  21  2:09  Barracks Reactor  
  21  2:12  SCV  
  22  2:21  Barracks  
  22  2:27  Factory  
  22  2:29  Refinery, SCV  
  23  2:41  SCV  
  24  2:47  Marine  
  24  2:48  Marine  
  26  2:53  SCV  
  27  3:02  Engineering Bay, Orbital Command  
  27  3:09  Marine  
  27  3:10  Marine  
  27  3:12  Barracks Tech Lab  
  29  3:29  Factory Tech Lab, SCV x2  
  30  3:34  Bunker  
  30  3:41  Marine x2  
  30  3:42  Marine  
  30  3:47  SCV  
  34  3:51  Starport  
  34  3:58  Siege Tank  
Tags
 
Add a new tag
Caveats
  • Supply blocks, unpowered buildings, or Contaminate may cause inaccurate times.
  • Supply counts are checked every 10 seconds.